 Dungeon Crawl Stone Soup version 0.31.0-11-ge490571c62 (webtiles) character file.

Game seed: 10128092628677596541

116 ces the Covert (level 4, 0/21 HPs)
             Began as a Spriggan Enchanter on Jan 27, 2024.
             Slain by Natasha (5 damage)
             ... on level 3 of the Dungeon.
             The game lasted 00:04:27 (2186 turns).

ces the Covert (Spriggan Enchanter)                 Turns: 2186, Time: 00:04:28

Health: 0/21       AC:  2    Str:  4    XL:     4   Next: 69%
Magic:  2/9        EV: 17    Int: 22    God:
Gold:   227        SH:  5    Dex: 17    Spells: 7/9 levels left

rFire   . . .        a - +1 dagger
rCold   . . .        (no shield)
rNeg    . . .        b - +0 robe
rPois   .            (helmet restricted)
rElec   .            (no cloak)
rCorr   .            (gloves unavailable)
SInv    +            (boots unavailable)
Will    .....        k - amulet of reflection
Stlth   ++++         g - +6 ring of intelligence
HPRegen 0.23/turn    (no ring)
MPRegen 0.11/turn

%: reflection
@: mighty, invisible, very quick
A: very small, no large weapons, unfitting armour, see invisible, speed 3
a: no special abilities


You were on level 3 of the Dungeon.
You visited 1 branch of the dungeon, and saw 3 of its levels.

You collected 227 gold pieces.

Inventory:

Hand Weapons
 a - a +1 dagger (weapon)
Armour
 b - a +0 robe (worn)
Jewellery
 g - a +6 ring of intelligence (left hand)
 k - an amulet of reflection (around neck)
Wands
 i - a wand of charming (18)
Scrolls
 j - a scroll of immolation
 l - a scroll of enchant weapon {unknown}
Potions
 e - 2 potions of ambrosia
 f - 4 potions of curing
 h - a potion of heal wounds {unknown}


   Skills:
 + Level 1.2 Short Blades
 - Level 2.6 Dodging
 * Level 8.0 Stealth
 + Level 3.0 Spellcasting
 + Level 3.9 Hexes
 + Level 0.0 Ice Magic


You had 7 spell levels left.
You knew the following spells:

 Your Spells              Type           Power      Damage    Failure   Level
a - Ensorcelled Hibernat  Hex/Ice        24%        N/A       9%          2

Your spell library contained the following spells:

 Spells                   Type           Power      Damage    Failure   Level
 Confusing Touch          Hex            20%        N/A       8%          3
 Tukima's Dance           Hex            20%        N/A       8%          3
 Dazzling Flash           Conj/Hex       24%        N/A       17%         3
 Cigotuvi's Dreadful Rot  Necr/Alch/Air  6%         N/A       19%         2
 Sublimation of Blood     Necr           3%         N/A       19%         2
 Ignite Poison            Fire/Alch      3%         N/A       77%         4
 Petrify                  Alch/Erth      3%         N/A       77%         4
 Freezing Cloud           Conj/Ice/Air   1%         6-21      98%         5
 Irradiate                Conj/Alch      1%         3d12      98%         5
 Malign Gateway           Summ/Tloc      1%         N/A       100%        7
 Summon Horrible Things   Summ           1%         N/A       100%        8


Dungeon Overview and Level Annotations

Branches:
Dungeon (3/15)

Altars:

Annotations:
D:3 2 transporters, Biggs's ghost, amateur FeSh; Natasha


Innate Abilities, Weirdness & Mutations

You are very small and have problems with some larger weapons.
You are too small for most types of armour.
You have supernaturally acute eyesight. (SInv)
You cover ground extremely quickly. (Speed+++)


Message History

Natasha is lightly wounded.
The cerulean imp misses you. You block Natasha's attack.
You barely miss Natasha.
Natasha is lightly wounded.
The cerulean imp closely misses you. Natasha casts a spell at you.
The magic dart hits you.
You hit Natasha.
Natasha is moderately wounded.
The cerulean imp hits you with a +1 spear.
You block Natasha's attack.
You closely miss Natasha.
Natasha is moderately wounded.
You block the cerulean imp's attack.
Natasha mumbles some strange words.
You feel disoriented. Natasha misses you.
You miss Natasha.
Natasha is moderately wounded.
The cerulean imp hits you with a +1 spear.
Natasha barely misses you.
You hit Natasha.
Natasha is heavily wounded.
You block the cerulean imp's attack. Natasha claws you!
You closely miss Natasha.
Natasha is heavily wounded.
The cerulean imp hits you with a +1 spear.
* * * LOW HITPOINT WARNING * * *
Natasha completely misses you.
You fade into invisibility!
You block the cerulean imp's attack. Natasha casts a spell at you.
You easily resist.
It was a potion of might.
You feel very mighty all of a sudden.
The cerulean imp hits you with a +1 spear.
* * * LOW HITPOINT WARNING * * *
Natasha claws you.
You die...
Natasha curls up and begins to purr.

#.........#. #.#......).........
#........##.##.###.........)....
#....##### ... # #.........#....
##...##.##. ###.#.##....###.##...
#....#....# #.##..5#........^....
#....####..##..##.##........###..
#.......####....###......######..
#................)........)......
#...............@h....#######.>..
#.....#.........5...### #.....
#####................# #.....
##...............# #.....
#...............# ##....
#...............# ##...
#...............# ####
##.............## ##.....#.....##


You could see Natasha and a cerulean imp (summoned, unable to see you).

Vanquished Creatures
  Natasha (D:3)
  2 adders (D:2)
  4 dart slugs
  A ribbon worm (D:2)
  3 orcs (D:3)
  4 ball pythons
  4 endoplasms
  2 giant cockroaches (D:1)
  10 goblins
  5 hobgoblins
  5 quokkas
  2 bats (D:2)
  5 frilled lizards
  6 kobolds
  3 rats (D:1)
57 creatures vanquished.

Notes
Turn   | Place    | Note
-------+----------+-------------------------------------------
     0 | D:1      | ces the Spriggan Enchanter began the quest for the Orb.
     0 | D:1      | Reached XP level 1. HP: 9/9 MP: 5/5
   251 | D:1      | Reached XP level 2. HP: 13/13 MP: 6/6
   259 | D:1      | Reached skill level 5 in Stealth
   362 | D:1      | Learned a level 2 spell: Ensorcelled Hibernation
   569 | D:1      | Reached XP level 3. HP: 16/16 MP: 8/8
   634 | D:1      | Reached skill level 6 in Stealth
  1001 | D:2      | Identified the +0 chain mail of Unbearable Salvation {Fly}
  1315 | D:2      | Reached skill level 7 in Stealth
  1711 | D:3      | Reached XP level 4. HP: 21/21 MP: 9/9
  1760 | D:3      | Found a transporter.
  1763 | D:3      | Noticed a kobold brigand
  1954 | D:3      | Noticed Biggs's ghost (amateur FeSh)
  1962 | D:3      | Noticed Natasha
  1967 | D:3      | Killed Natasha
  2063 | D:3      | Found a transporter.
  2075 | D:3      | Noticed a small abomination
  2145 | D:3      | Noticed Natasha
  2172 | D:3      | Reached skill level 8 in Stealth
  2181 | D:3      | Noticed a small abomination
  2186 | D:3      | Slain by Natasha

Illustrated notes

Levels and vault maps discovered:
D:1:      psy_arrival_spokes, layout_basic
D:2:      layout_loops_corners
D:3:      layout_rooms, gammafunk_ghost_abyssal_escape, hellmonk_no_cap,
          uniq_natasha

Skill      XL: |  1  2  3  4 |
---------------+-------------+-----
Stealth        | 5 7 8 |  8.0
Spellcasting   | 3 |  3.0
Short Blades   | |  1.2
Dodging        | |  2.6
Hexes          | |  3.9

Action                     |  1- 3 |  4- 6 || total
---------------------------+-------+-------++-------
  Melee: Dagger            |   105 |    60 ||   165
         Punch             |     1 |       ||     1
   Cast: Ensorcelled Hiber |       |     7 ||     7
    Use: Potion            |     1 |     2 ||     3
         Scroll            |       |     3 ||     3
   Stab: Sleeping          |    19 |     6 ||    25
         Invisible         |     2 |       ||     2
 Armour: Robe              |    24 |    14 ||    38
  Dodge: Dodged            |    65 |    43 ||   108
  Block: Other             |       |    12 ||    12
